 Dungeon Crawl Stone Soup version 0.25-a0-410-g53dbb631d1 (console) character file.

Game seed: 8092841316566953949, levelgen mode: deterministic

434 Kagalorn the Cutter (level 7, -5/50 HPs)
             Began as a Human Assassin on Jan 13, 2020.
             Killed from afar by an orc wizard (11 damage)
             ... with a puff of flame
             ... on level 4 of the Dungeon.
             The game lasted 00:09:26 (3018 turns).

Kagalorn the Cutter (Human Assassin)                Turns: 3018, Time: 00:09:27

Health: -5/50      AC:  4    Str: 15    XL:     7   Next: 20%
Magic:  16/16      EV: 12    Int: 13    God:
Gold:   125        SH:  0    Dex: 14    Spells: 6/6 levels left

rFire    . . .     SeeInvis .   a - +3 dagger (venom)
rCold    . . .     Gourm    .   (no shield)
rNeg     . . .     Faith    .   t - +0 robe
rPois    .         Spirit   .   A - +0 helmet of Luupp {MP+9 Str+3}
rElec    .         Reflect  .   c - +0 cloak
rCorr    .         Harm     .   (no gloves)
MR       .....                  (no boots)
Stlth    +++.......             (no amulet)
HPRegen  0.16/turn              (no ring)
MPRegen  0.15/turn              (no ring)

@: lethally poisoned (-5 -> -5)
A: no striking features
a: no special abilities


You were on level 4 of the Dungeon.
You were hungry.

You visited 1 branch of the dungeon, and saw 4 of its levels.

You collected 125 gold pieces.

Inventory:

Hand Weapons
 a - a +3 dagger of venom (weapon)
 b - a +0 hunting sling of velocity
Missiles
 e - 2 curare-tipped darts
 g - 129 stones
 u - 4 boomerangs
 z - 25 poisoned darts (quivered)
 B - 18 sling bullets
Armour
 c - a +0 cloak (worn)
 t - a +0 robe (worn)
 A - the +0 helmet of Luupp (worn) {MP+9 Str+3}
   (You took it off Robin on level 3 of the Dungeon)

   It affects your strength (+3).
   It affects your magic capacity (+9).
 D - a +0 shield
Jewellery
 n - an uncursed ring of ice {unknown}
Wands
 x - a wand of random effects (14)
 y - a wand of polymorph (9)
Scrolls
 d - a scroll of blinking {unknown}
 i - a scroll of fear {unknown}
 j - a scroll of immolation {unknown}
 k - a scroll of magic mapping {unknown}
 m - 2 scrolls of teleportation {unknown}
 o - a scroll of acquirement {unknown}
 p - 4 scrolls of remove curse {unknown}
 q - 3 scrolls of identify {unknown}
Potions
 h - a potion of mutation {unknown}
 l - a potion of cancellation
 r - 2 potions of might {unknown}
 s - a potion of degeneration {unknown}
 v - a potion of lignification {unknown}
 w - a potion of curing {unknown}
 C - a potion of invisibility {unknown}
 E - a potion of heal wounds {unknown}
Comestibles
 f - 7 rations


   Skills:
 - Level 2.0 Fighting
 * Level 7.3 Short Blades
 - Level 2.0 Throwing
 - Level 1.0 Dodging
 - Level 4.0 Stealth


You had 6 spell levels left.
You didn't know any spells.
Your spell library was empty.

Dungeon Overview and Level Annotations

Branches:
Dungeon (4/15)
 Temple: D:4-7

Altars:
Ru
Xom
The Shining One

Shops:
D:4 }


Message History

You hit the worker ant but do no damage.
Something completely misses you.
You hit the worker ant.
The worker ant is lightly wounded.
You feel sick. The worker ant closely misses you.
The orc throws a stone.
The stone closely misses you. Something hits you.
* * * LOW HITPOINT WARNING * * *
Something hits you but does no damage. The worker ant bites you.
* * * LOW HITPOINT WARNING * * *
You feel sick.
A magic dart appears from out of thin air!
The magic dart hits you.
* * * LOW HITPOINT WARNING * * *
The orc throws a stone.
It was a potion of cancellation.
You feel magically purged. Something hits you but does no damage.
You hear some strange, mumbled words.
A puff of flame appears from out of thin air!
The puff of flame hits you!
You die...

#.##....####'##...##.....
..............#...# #⌠.⌠
..............#..... ∩.
.........Z...>#...... ⌠
#########....#######...##..
#......##(..o##...##...# ..
#.......#..........#
#.......#.....(....#
#.......#.....a@...#
#.....[.#.......)..#
#....####.##+####.##
#....####.##.####.####.#
#.....#..................
#.....#..................
#........................
#..#######.###+#######...
#..# ### #.###.##...## ##


You could see a worker ant and an orc.

Vanquished Creatures
  Edmund (D:4)
  A howler monkey (D:3)
  An iguana (D:4)
  3 orc wizards
  Robin (D:3)
  3 gnolls (D:3)
  4 adders
  An adder skeleton (D:4)
  3 dart slugs
  3 worms (D:2)
  5 leopard geckos
  7 orcs
  A ball python (D:1)
  8 bats
  3 giant cockroaches
  9 goblins
  11 hobgoblins
  7 kobolds
  2 frilled lizards
  9 rats
  A butterfly (D:2)
84 creatures vanquished.

Notes
Turn   | Place    | Note
-------+----------+-------------------------------------------
     0 | D:1      | Kagalorn the Human Assassin began the quest for the Orb.
     0 | D:1      | Reached XP level 1. HP: 16/16 MP: 1/1
   158 | D:1      | Reached XP level 2. HP: 10/22 MP: 2/2
   426 | D:1      | Reached skill level 3 in Short Blades
   526 | D:1      | Reached XP level 3. HP: 19/27 MP: 3/3
  1127 | D:2      | Reached skill level 4 in Short Blades
  1127 | D:2      | Reached XP level 4. HP: 31/33 MP: 4/4
  1272 | D:2      | Found a shimmering altar of Xom.
  1907 | D:3      | Reached XP level 5. HP: 25/38 MP: 5/5
  2041 | D:3      | Reached skill level 5 in Short Blades
  2140 | D:3      | Reached XP level 6. HP: 36/44 MP: 6/6
  2219 | D:3      | Reached skill level 6 in Short Blades
  2296 | D:3      | Identified the +0 helmet of Luupp {MP+9 Str+3}
  2296 | D:3      | Noticed Robin
  2336 | D:3      | Killed Robin
  2732 | D:3      | Found a glowing golden altar of the Shining One.
  2872 | D:4      | Found a sacrificial altar of Ru.
  2922 | D:4      | Noticed Edmund
  2938 | D:4      | Killed Edmund
  2938 | D:4      | Reached skill level 7 in Short Blades
  2938 | D:4      | Reached XP level 7. HP: 41/50 MP: 7/7
  2987 | D:4      | Found Ytofee's Gadget Emporium.
  3018 | D:4      | Killed from afar by an orc wizard

Levels and vault maps discovered:
D:1:      kennysheep_arrival_seaside, layout_basic
D:2:      minmay_diamond_boxcup, layout_loops_ring, xom_butterflies,
          first_ration
D:3:      layout_loops_cross, tso_altar, uniq_robin
D:4:      layout_gridville, lemuel_doored_altar, serial_shops, shop_fountains,
          minmay_quadrilaterals, uniq_edmund

Skill      XL: |  1  2  3  4  5  6 |
---------------+-------------------+-----
Short Blades   | 3 4 5 7 |  7.3
Fighting       | |  2.0
Throwing       | |  2.0
Dodging        | |  1.0
Stealth        | |  4.0

Action                   |  1- 3 |  4- 6 |  7- 9 || total
-------------------------+-------+-------+-------++-------
Melee: Dagger            |    78 |   147 |    13 ||   238
Throw: Dart              |    13 |    34 |       ||    47
  Use: Potion            |       |       |     1 ||     1
 Stab: Sleeping          |     7 |    11 |     1 ||    19
  Eat: Chunk             |     1 |     5 |       ||     6
Armor: Robe              |    13 |    14 |     8 ||    35
Dodge: Dodged            |    35 |    57 |     4 ||    96

Table legend:
 A = Non-vault XP
 B = Vault XP
 C = Vault XP percentage of total XP
 D = Non-vault monster count
 E = Vault monster count
 F = Vault count percentage of total count
                 A         B        C        D         E       F
            +---------+---------+-------+---------+---------+-------
      Total |     398 |     222 |  35.8 |      61 |      22 |  26.5
            +---------+---------+-------+---------+---------+-------
        D:1 |      31 |       0 |   0.0 |      16 |       0 |   0.0
        D:2 |      70 |      32 |  31.4 |      13 |       9 |  40.9
        D:3 |     243 |      36 |  12.9 |      29 |      12 |  29.3
        D:4 |      54 |     154 |  74.0 |       3 |       1 |  25.0
            +---------+---------+-------+---------+---------+-------
